 Dungeon Crawl Stone Soup version 0.18.1-48-g4cf74bf (webtiles) character file.

1576 RepoMan the Cleaver (level 9, -7/57 HPs)
             Began as a Formicid Fighter on Sept 2, 2016.
             Was an Initiate of the Shining One.
             Mangled by an orc warrior
             ... wielding a +0 dire flail
              (24 damage)
             ... on level 7 of the Dungeon.
             The game lasted 00:37:35 (6211 turns).

RepoMan the Cleaver (Formicid Fighter)              Turns: 6211, Time: 00:37:36

Health: -7/57      AC:  9    Str: 21    XL:     9   Next: 14%
Magic:  9/9        EV:  9    Int:  8    God:    the Shining One [......]
Gold:   403        SH: 12    Dex: 13    Spells: 0 memorised, 8 levels left

rFire  . . .     SeeInvis +     a - +1 war axe
rCold  . . .     Gourm    +     b - +0 scale mail
rNeg   . . .     Faith    .     c - +1 shield
rPois  +         Spirit   .     (helmet unavailable)
rElec  .         Dismiss  .     (no cloak)
rCorr  +         Reflect  .     v - +0 pair of gloves
SustAt .         Harm     .     h - +0 pair of boots
MR     .....                    y - amulet of the gourmand
Stlth  ..........               n - ring of resist corrosion
                                j - ring of poison resistance

@: glowing, not resistant to hostile enchantments, extremely unstealthy
A: permanent stasis, dig shafts and tunnels, four strong arms, antennae 3, frail
1
a: Dig, Shaft Self, Renounce Religion


You were on level 7 of the Dungeon.
You worshipped the Shining One.
The Shining One was noncommittal.
You were very full.

You visited 1 branch of the dungeon, and saw 7 of its levels.

You collected 403 gold pieces.

Inventory:

Hand Weapons
 a - a +1 war axe (weapon)
Missiles
 i - 49 bolts
Armour
 b - a +0 scale mail (worn)
 c - a +1 shield (worn)
 h - a +0 pair of boots (worn)
 v - a +0 pair of gloves (worn)
Jewellery
 j - a ring of poison resistance (left hand)
 n - a ring of resist corrosion (right hand)
 y - an amulet of the gourmand (around neck)
Wands
 C - a wand of random effects (18/48)
Scrolls
 k - 2 scrolls of enchant weapon
 o - 2 scrolls of identify
 q - a scroll of fog {unknown}
 t - 3 scrolls of amnesia
 u - 4 scrolls of remove curse
 z - 2 scrolls of enchant armour
 E - 2 scrolls of blinking {unknown}
Potions
 e - a potion of magic
 m - a potion of haste
 r - 3 potions of flight
 s - 2 potions of curing
 x - a potion of cancellation {unknown}
 A - a potion of brilliance {unknown}
 B - 2 potions of degeneration {unknown}
 F - a potion of mutation {unknown}
Miscellaneous
 w - a plain deck of wonders {drawn: 2}
Comestibles
 d - 2 slices of pizza
 f - 5 bread rations
 g - 5 fruits
 p - a beef jerky
 G - a meat ration


   Skills:
 - Level 3.5 Fighting
 * Level 8.9 Axes
 - Level 3.7 Armour
 + Level 8.4 Shields


You had 8 spell levels left.
You didn't know any spells.

Dungeon Overview and Level Annotations

Branches:
Dungeon (7/15)
 Temple: D:4-7

Altars:
Ashenzari
Cheibriados
Elyvilon
Kikubaaqudgha
Nemelex Xobeh
Okawaru
Qazlal
Ru
Xom
Zin
The Shining One

Annotations:
D:5 Prince Ribbit
D:6 Duvessa


Innate Abilities, Weirdness & Mutations

You are under a permanent stasis effect.
You can dig through walls and to a lower floor.
Your four strong arms can wield two-handed weapons with a shield.
You have a pair of large antennae on your head (SInv).
You are frail (-10% HP).


Message History

You hit the orc warrior.
The orc warrior is lightly wounded.
You block the orc warrior's attack.
You slash the orc warrior!
The orc warrior is severely wounded.
You block the orc warrior's attack.
You barely miss the orc warrior.
The orc warrior is severely wounded.
You block the orc warrior's attack.
You hit the orc warrior but do no damage.
The orc warrior is severely wounded.
The orc warrior hits you but does no damage.
You hit the orc warrior.
The orc warrior is severely wounded.
The orc warrior hits you with a dire flail!
* * * LOW HITPOINT WARNING * * *
You hit the orc warrior.
The orc warrior is almost dead.
The orc warrior hits you with a dire flail!!
You die...

....## .## .#.. .....
..##.... ..... .....#..
#... #..... #..# ##....
.. ##..# #...# #..
###...# ##...#
###.##....####...#
...........#..o@.##..
.........#.............
#......)#............
#....>..##...........
#....................
#....................
#...###..###..#......
#..# ..## #..##.....
#... (.## #.. #..


You could see an orc warrior.

Vanquished Creatures
  Eustachio (D:6)
  A water moccasin (D:3)
  5 ogres
  A centaur (D:6)
  2 giant frogs (D:6)
  Dowan (D:6)
  A scorpion (D:4)
  An orc priest (D:5)
  A giant frog zombie (D:5)
  2 orc wizards
  A hound (D:5)
  A giant frog skeleton (D:5)
  2 iguanas
  Ijyb (D:2)
  5 worker ants
  A hound skeleton (D:5)
  8 gnolls
  4 adders
  A shadow imp (D:5)
  2 oozes
  4 worms
  6 dart slugs
  A giant gecko (D:5)
  6 orcs
  4 giant cockroaches
  13 goblins
  10 hobgoblins
  4 jackals (D:1)
  5 quokkas
  2 ball pythons
  3 bats
  A giant cockroach zombie (D:5)
  3 giant newts
  A jackal skeleton (D:4)
  6 kobolds
  10 rats
121 creatures vanquished.

Notes
Turn   | Place    | Note
--------------------------------------------------------------
     0 | D:1      | RepoMan the Formicid Fighter began the quest for the Orb.
     0 | D:1      | Reached XP level 1. HP: 18/18 MP: 1/1
    67 | D:1      | Reached XP level 2. HP: 18/24 MP: 2/2
   433 | D:1      | Reached XP level 3. HP: 29/29 MP: 3/3
   821 | D:2      | Found a glowing silver altar of Zin.
   951 | D:2      | Reached XP level 4. HP: 32/35 MP: 4/4
  1244 | D:2      | Noticed Ijyb
  1283 | D:2      | Killed Ijyb
  1283 | D:2      | Reached skill level 5 in Shields
  1283 | D:2      | Reached XP level 5. HP: 35/41 MP: 5/5
  1657 | D:3      | Found a sparkling altar of Nemelex Xobeh.
  1814 | D:4      | Noticed an ogre
  1825 | D:4      | Killed an ogre
  1825 | D:4      | Reached XP level 6. HP: 27/47 MP: 6/6
  2079 | D:4      | Found a sacrificial altar of Ru.
  2199 | D:4      | Found an iron altar of Okawaru.
  2304 | D:4      | Found an ancient bone altar of Kikubaaqudgha.
  2311 | D:4      | Found a shattered altar of Ashenzari.
  2311 | D:4      | Found a snail-covered altar of Cheibriados.
  2314 | D:4      | Found a shimmering altar of Xom.
  2316 | D:4      | Found a white marble altar of Elyvilon.
  2317 | D:4      | Found a stormy altar of Qazlal.
  2493 | D:3      | Reached skill level 5 in Axes
  2684 | D:3      | Reached XP level 7. HP: 45/52 MP: 7/7
  3024 | D:3      | Noticed a water moccasin
  3031 | D:3      | Killed a water moccasin
  3463 | D:5      | Entered Level 5 of the Dungeon
  3758 | D:5      | Reached XP level 8. HP: 54/58 MP: 8/8
  4230 | D:5      | Noticed Prince Ribbit
  4232 | D:5      | Gained mutation: You are frail (-10% HP). [helix card]
  5162 | D:6      | Noticed Dowan
  5164 | D:6      | Noticed Duvessa
  5189 | D:6      | Killed Dowan
  5446 | D:6      | Found a glowing golden altar of the Shining One.
  5446 | D:6      | Noticed Eustachio
  5456 | D:6      | Killed Eustachio
  5463 | D:6      | Became a worshipper of the Shining One
  5530 | D:6      | Reached XP level 9. HP: 41/57 MP: 9/9
  6211 | D:7      | Mangled by an orc warrior

Skill      XL: |  1  2  3  4  5  6  7  8 |
---------------+-------------------------+-----
Shields        | 4 5 6 8 |  8.4
Axes           | 3 4 5 6 8 |  8.9
Fighting       | |  3.5
Armour         | |  3.7

Action                   |  1- 3 |  4- 6 |  7- 9 || total
-------------------------+-------+-------+-------++-------
Melee: War axe           |    43 |    43 |   240 ||   326
       Hand axe          |    55 |   170 |       ||   225
Throw: Throwing net      |       |       |     3 ||     3
Evoke: Deck              |       |       |     2 ||     2
  Use: Scroll            |     7 |     5 |     2 ||    14
       Potion            |       |       |     2 ||     2
  Eat: Chunk             |       |     5 |    19 ||    24
       Fruit             |       |     1 |     2 ||     3
Armor: Scale mail        |    37 |    59 |    52 ||   148
Dodge: Dodged            |    21 |    56 |    71 ||   148
Block: Shield            |    50 |   106 |   145 ||   301
